AoeStats
← roman_wielki

Black Forest

507940221Analyzed
3v3 RM · 10d ago on Sep 20, 2026· 57m 45s· 6 players
Game mode
Random Map
Map size
Normal (6 player)
Population
200
Speed
Normal
Resources
Standard
Victory
Conquest
Starting age
Dark Age
Ending age
Imperial Age
RankedLock teamsTeams togetherTeam positionsShared explorationLock speedFull tech treeHidden civsTurbo modeCheats
Victory
Defeat
🇨🇳 Franks · China
593
+15
🇨🇭 Italians · Switzerland
589
+15
🇵🇱 Spanish · Poland
537
+18
🇨🇳 Byzantines · China
694
-21
🇪🇸 Britons · Spain
524
-14
🇮🇳 Chinese · India
508
-13
Hernan-Cortez
0:41 Loom
12:57 Feudal Age
13:20 Horse Collar
13:26 Double-Bit Axe
17:03 Gold Mining
20:13 Castle Age
20:47 Wheelbarrow
19:57 Town Watch
20:08 Fletching
24:16 Bow Saw
24:24 Heavy Plow
27:55 Stone Mining
28:07 Bodkin Arrow
29:12 Fortified Wall
29:23 Ballistics
33:47 Imperial Age
32:18 Silk Road
33:29 Thumb Ring
35:20 Hoardings
35:56 Caravan
37:29 Chemistry
36:47 Masonry
37:09 Elite Genoese Crossbowman
37:53 Bracer
43:00 Crop Rotation
43:33 Two-Man Saw
42:41 Padded Archer Armor
44:33 Pirotechnia
52:55 Leather Archer Armor
52:52 Forging
52:43 Scale Mail Armor
用心感化少女
0:48 Loom
17:13 Feudal Age
21:24 Castle Age
22:48 Double-Bit Axe
28:35 Wheelbarrow
28:23 Bow Saw
33:48 Stone Mining
39:44 Imperial Age
37:58 Hand Cart
37:36 Fletching
37:52 Scale Barding Armor
37:58 Forging
39:36 Husbandry
41:41 Conscription
40:45 Cavalier
43:12 Chain Barding Armor
43:28 Iron Casting
43:13 Gold Mining
43:05 Paladin
43:34 Arson
43:50 Squires
44:39 Chivalry
45:11 Caravan
45:42 Coinage
47:46 Gold Shaft Mining
47:09 Town Watch
51:32 Plate Barding Armor
51:59 Blast Furnace
54:55 Scale Mail Armor
roman_wielki
17:38 Feudal Age
18:13 Double-Bit Axe
18:27 Man-at-Arms
24:16 Castle Age
23:39 Gold Mining
23:44 Stone Mining
24:43 Long Swordsman
26:20 Bow Saw
27:40 Caravan
30:36 Wheelbarrow
31:35 Pikeman
36:36 Imperial Age
36:17 Scale Mail Armor
38:06 Onager
40:42 Chemistry
41:55 Two-Handed Swordsman
57:37 Champion
barreirojorge
1:39 Loom
13:31 Feudal Age
14:04 Town Watch
14:59 Wheelbarrow
15:10 Horse Collar
15:29 Double-Bit Axe
24:03 Castle Age
22:13 Gold Mining
22:30 Stone Mining
23:00 Scale Mail Armor
22:33 Man-at-Arms
24:08 Forging
23:55 Arson
24:15 Elite Skirmisher
25:56 Crossbowman
26:41 Padded Archer Armor
28:29 Leather Archer Armor
28:28 Fletching
35:04 Imperial Age
33:25 Bow Saw
34:28 Heavy Plow
35:05 Hand Cart
34:51 Town Patrol
34:51 Bodkin Arrow
35:19 Husbandry
36:07 Ballistics
36:46 Bracer
37:47 Ring Archer Armor
38:04 Gold Shaft Mining
38:22 Iron Casting
38:11 Chain Mail Armor
38:28 Scale Barding Armor
39:07 Gambesons
39:20 Murder Holes
40:27 Chemistry
39:38 Masonry
41:15 Blast Furnace
40:06 Treadmill Crane
41:38 Arrowslits
42:04 Fortified Wall
42:34 Plate Mail Armor
42:33 Yeomen
42:35 Conscription
42:50 Chain Barding Armor
44:45 Hoardings
45:04 Sappers
45:03 Light Cavalry
46:24 Long Swordsman
47:05 Squires
49:05 Plate Barding Armor
50:11 Elite Longbowman
Kadyan
19:20 Feudal Age
20:59 Double-Bit Axe
25:33 Gold Mining
25:28 Man-at-Arms
27:23 Bloodlines
29:15 Scale Mail Armor
29:45 Scale Barding Armor
34:45 Castle Age
34:45 Forging
37:55 Wheelbarrow
39:15 Gold Shaft Mining
38:30 Stone Mining
38:49 Horse Collar
40:08 Iron Casting
39:48 Chain Mail Armor
39:54 Chain Barding Armor
40:55 Hand Cart
42:01 Town Watch
43:51 Bow Saw
44:28 Squires
50:34 Imperial Age
48:13 Stone Mining
48:26 Heavy Plow
53:24 Elite Fire Lancer
56:17 Blast Furnace
55:47 Plate Mail Armor
centaurea
10:12 Loom
12:41 Feudal Age
13:07 Double-Bit Axe
13:05 Horse Collar
20:24 Castle Age
20:35 Stone Mining
21:50 Heavy Plow
22:03 Bow Saw
22:39 Stone Shaft Mining
21:58 Gold Mining
22:43 Stone Shaft Mining
26:00 Wheelbarrow
26:11 Fortified Wall
27:22 Forging
28:46 Gold Shaft Mining
29:25 Hand Cart
30:12 Ballistics
34:16 Imperial Age
32:13 Elite Skirmisher
32:58 Thumb Ring
34:46 Padded Archer Armor
34:36 Fletching
35:34 Crop Rotation
36:08 Two-Man Saw
36:28 Scale Barding Armor
36:20 Bodkin Arrow
36:41 Leather Archer Armor
37:01 Iron Casting
37:43 Chemistry
39:04 Elite Cataphract
39:07 Pikeman
39:53 Scale Mail Armor
40:14 Chain Barding Armor
39:55 Bracer
40:25 Ring Archer Armor
40:53 Chain Mail Armor
41:09 Ring Archer Armor
40:02 Halberdier
43:30 Logistica
46:47 Caravan
48:32 Plate Mail Armor
48:37 Plate Barding Armor
Connection lost

Rejoining the realm…

Still unreachable

The connection could not be restored.

Session expired

The server has moved on; the page needs a fresh start.